 Dungeon Crawl Stone Soup version 0.21.1-1-g345015fe64 (webtiles) character file.

149 Froggeryz the Ruffian (level 5, -6/33 HPs)
             Began as a Gargoyle Monk on Apr 15, 2018.
             Killed by divine providence
             ... invoked by an orc priest
              (10 damage)
             ... on level 3 of the Dungeon.
             The game lasted 00:05:04 (1886 turns).

Froggeryz the Ruffian (Gargoyle Monk)               Turns: 1886, Time: 00:05:05

Health: -6/33      AC:  7    Str: 19    XL:     5   Next: 31%
Magic:  5/5        EV: 13    Int: 11    God:
Gold:   163        SH:  0    Dex: 13    Spells: 4/4 levels left

rFire    . . .     SeeInvis .     - Unarmed
rCold    . . .     Gourm    .   (no shield)
rNeg     + . .     Faith    .   k - +0 robe (curse)
rPois    ∞         Spirit   .   (no helmet)
rElec    +         Reflect  .   (no cloak)
rCorr    .         Harm     .   (no gloves)
MR       .....                  f - +0 pair of boots
Stlth    ++........             (no amulet)
HPRegen  0.11/turn              (no ring)
MPRegen  0.09/turn              (no ring)

@: mighty
A: negative energy resistance 1, electricity resistance, unbreathing,
petrification resistance, rot immunity, AC +4
a: no special abilities


You were on level 3 of the Dungeon.
You were not hungry.

You visited 1 branch of the dungeon, and saw 3 of its levels.

You collected 163 gold pieces.

Inventory:

Hand Weapons
 g - a +0 hunting sling
 i - a +0 short sword of electrocution
 r - a +0 blowgun
Missiles
 l - 47 sling bullets (quivered)
 q - 6 poisoned needles
Armour
 f - a +0 pair of boots (worn)
 k - a cursed +0 robe (worn)
Scrolls
 j - a scroll of teleportation {unknown}
 n - a scroll of remove curse {unknown}
 o - a scroll of enchant armour {unknown}
 p - a scroll of identify {unknown}
Potions
 d - a potion of ambrosia {unknown}
 e - a potion of cancellation {unknown}
 h - a potion of curing {unknown}
 m - a potion of brilliance {unknown}
Comestibles
 a - 3 chunks of flesh
 b - 10 rations


   Skills:
 + Level 3.9 Fighting
 - Level 2.4 Dodging
 - Level 2.1 Stealth
 + Level 5.5 Unarmed Combat


You had 4 spell levels left.
You didn't know any spells.

Dungeon Overview and Level Annotations

Branches:
Dungeon (3/15)

Altars:
Dithmenos

Annotations:
D:3 ADDA's ghost, amateur HuFi


Innate Abilities, Weirdness & Mutations

You are resistant to torment.
Your stone body is resilient. (AC +4)
You are immune to poison.
You resist negative energy. (rN+)
You are resistant to electric shocks. (rElec)
You can survive without breathing.
You are immune to petrification.
You are immune to rotting.


Message History

The orc priest is moderately wounded.
The orc priest closely misses you. The orc wizard barely misses you.
You hit the orc priest.
The orc priest is severely wounded.
The orc wizard hits you but does no damage.
The orc priest invokes the aid of Beogh against you.
Pain shoots through your body!
You closely miss the orc priest.
The orc priest is severely wounded.
The orc wizard points at you and mumbles some strange words.
The puff of flame misses you. The orc priest barely misses you.
The orc wizard gestures at you while chanting.
The magic dart hits you!
* * * LOW HITPOINT WARNING * * *
It was a potion of might.
You feel very mighty all of a sudden.
The orc wizard looks braver for a moment.
The orc priest invokes the aid of Beogh against you.
Beogh smites you!
You die...

######## #....... .......### ###
#.#####. ## .......
..#########.# #. .. ....#
#.##........# #. o#######..#
#.##.####.#.# #.
.........######.##.###.##)#####.
######........))..(##.###.......
##..######.####...#####..#[ #..#
#@## ##.## #..##. ..[.$..###oo##
#..# #.#.##.
##.......>....###.#.#.##.##.
#.##...###...)...##.# #.##. #.
### #..#######.# #.##. .. #..# #
# #.##. #..# #.... #..# . #.#..
...# #.###.#..


You could see an orc priest and an orc wizard.

Vanquished Creatures
  An orc priest (D:3)
  A gnoll (D:1)
  5 adders
  An ooze (D:1)
  A worm (D:3)
  4 dart slugs
  3 leopard geckos
  4 orcs (D:3)
  2 ball pythons
  2 bats (D:1)
  A giant cockroach (D:2)
  4 goblins
  7 hobgoblins
  5 kobolds
  5 rats (D:1)
46 creatures vanquished.

Notes
Turn   | Place    | Note
-------+----------+-------------------------------------------
     0 | D:1      | Froggeryz the Gargoyle Monk began the quest for the Orb.
     0 | D:1      | Reached XP level 1. HP: 14/14 MP: 1/1
   279 | D:1      | Reached XP level 2. HP: 19/19 MP: 2/2
   405 | D:1      | Reached skill level 4 in Unarmed Combat
   406 | D:1      | Reached XP level 3. HP: 9/23 MP: 3/3
  1189 | D:2      | Found a shadowy altar of Dithmenos.
  1509 | D:2      | Reached XP level 4. HP: 28/28 MP: 4/4
  1652 | D:3      | Noticed ADDA's ghost (amateur HuFi)
  1685 | D:3      | Reached skill level 5 in Unarmed Combat
  1826 | D:3      | Reached XP level 5. HP: 26/32 MP: 5/5
  1886 | D:3      | Killed from afar by an orc priest

Skill      XL: |  1  2  3  4 |
---------------+-------------+-----
Unarmed Combat | 4 5 |  5.5
Fighting       | |  3.9
Dodging        | |  2.4
Stealth        | |  2.1

Action                   |  1- 3 |  4- 6 || total
-------------------------+-------+-------++-------
Melee: Unarmed           |    89 |    76 ||   165
       Punch             |     2 |     3 ||     5
 Fire: Hunting sling     |       |     8 ||     8
  Use: Scroll            |     3 |       ||     3
       Potion            |       |     1 ||     1
 Stab: Sleeping          |     7 |     2 ||     9
  Eat: Chunk             |     2 |     1 ||     3
Armor: Robe              |    17 |    12 ||    29
Dodge: Dodged            |    50 |    36 ||    86
